 Dungeon Sprint DCSS version 0.30-a0-996-ga6910c8ee8 (webtiles) character file.

Game seed: 15722070169801156379

6927 fozzywoppz the Blocker (level 10, -8/103 HPs)
             Began as a Minotaur Fighter on Apr 4, 2023.
             Was a High Priest of Okawaru.
             Mangled by a catoblepas (9 damage)
             ... while petrified by a catoblepas
             ... in the Dungeon (Sprint IX: "|||||||||||||||||||||||||||||").
             The game lasted 00:05:00 (847 turns).

fozzywoppz the Blocker (Minotaur Fighter)            Turns: 847, Time: 00:05:00

Health: -8/103     AC: 16    Str: 27    XL:     10   Next: 80%
Magic:  17/17      EV:  2    Int:  5    God:    Okawaru [*****.]
Gold:   0          SH:  0    Dex: 11    Spells: 9/9 levels left

rFire   . . .      SeeInvis .    o - +3 war axe (freeze)
rCold   . . .      Faith    .    c - +0 buckler
rNeg    + + +      Spirit   .    r - +1 scale mail
rPois   ∞          Reflect  .    (helmet restricted)
rElec   .          Rampage  .    q - +0 cloak
rCorr   .          NoTele   +    p - +0 pair of gloves
Will    .....                    (no boots) Stlth
                                 (no amulet)
HPRegen 0.37/turn                a - +2 ring of protection
MPRegen 0.15/turn                b - +3 ring of strength

@: petrified
A: horns 2, retaliatory headbutt
a: Renounce Religion, Heroism, Finesse


You were in the Dungeon.
You worshipped Okawaru.
Okawaru was extremely pleased with you.
You visited 1 branch

Inventory:

Hand Weapons
 n - a +2 scimitar of flaming
 o - a +3 war axe of freezing (weapon)
Armour
 c - a +0 buckler (worn)
 p - a +0 pair of gloves (worn)
 q - a +0 cloak (worn)
 r - a +1 scale mail (worn)
Jewellery
 a - a +2 ring of protection (left hand)
 b - a +3 ring of strength (right hand)
 t - a ring of fire
Wands
 m - a wand of quicksilver (2)
Scrolls
 j - 3 scrolls of blinking
 l - 2 scrolls of amnesia
 s - 2 scrolls of fog
 v - 4 scrolls of enchant armour
 w - 2 scrolls of enchant weapon
Potions
 d - a potion of might
 e - 4 potions of curing
 f - 2 potions of heal wounds
 g - a potion of haste
 h - 4 potions of magic
 i - 2 potions of berserk rage
 k - a potion of invisibility
 u - a potion of mutation


   Skills:
 + Level 14.2 Fighting
 + Level 13.9 Axes
 + Level 14.1 Armour
 + Level 7.7 Dodging
 + Level 14.2 Shields
 + Level 10.9 Invocations


You had 9 spell levels left.
You didn't know any spells.
Your spell library was empty.

Dungeon Overview and Level Annotations

Branches:
Dungeon (1/1)

Altars:
Cheibriados
Dithmenos
Elyvilon
Fedhas
Gozag
Hepliaklqana
Kikubaaqudgha
Makhleb
Nemelex Xobeh
Okawaru
Qazlal
Ru
Sif Muna
Trog
Uskayaw
Vehumet
Wu Jian
Xom
Yredelemnul
Zin
The Shining One
Jiyva
Lugonu


Innate Abilities, Weirdness & Mutations

You have a pair of horns on your head.
You reflexively headbutt those who attack you in melee.


Message History

The death yak is almost dead.
The yak snorts and paws the ground.
The helpless death yak fails to defend itself.
You hit the death yak but do no damage.
You headbutt the death yak, but do no damage.
The death yak is almost dead.
Unknown command.
The helpless death yak fails to defend itself.
You slice the death yak!! You freeze the death yak.
You kill the death yak!
Okawaru is honoured by your kill. The catoblepas barely misses you.
You furiously retaliate!
You headbutt the catoblepas! You completely miss the catoblepas.
The catoblepas is moderately wounded.
The catoblepas breathes a plume of calcifying dust at you.
The blast of calcifying dust hits you but does no damage.
The death yak snorts and paws the ground.
You completely miss the catoblepas.
The catoblepas is moderately wounded.
You are engulfed in calcifying dust.
You are slowing down.
The catoblepas gores you!!
* * * LOW HITPOINT WARNING * * *
The death yak snorts and paws the ground.
You are engulfed in calcifying dust.
The catoblepas gores you!
* * * LOW HITPOINT WARNING * * *
Your limbs are stiffening.
You see here a rime drake corpse.
You slash the catoblepas! You freeze the catoblepas.
You headbutt the catoblepas, but do no damage.
The catoblepas is heavily wounded.
You are engulfed in calcifying dust.
Your limbs have turned to stone.
The catoblepas gores you.
* * * LOW HITPOINT WARNING * * *
You have turned to stone.
You are engulfed in calcifying dust.
The catoblepas gores you!
* * * LOW HITPOINT WARNING * * *
You are engulfed in calcifying dust.
The catoblepas gores you!!
You die...

▓▓▓▓▓▓▓▓▓▓▓▓▓▓▓▓▓▓▓▓▓▓▓▓▓▓▓▓▓▓
YYYY..'YYYYYY@§(§.........÷...
▓▓▓▓▓▓▓▓▓▓▓▓▓▓▓▓▓▓▓▓▓▓▓▓▓▓▓▓▓▓▓▓▓
.................................
▓▓▓▓▓▓▓▓▓▓▓▓▓▓▓▓▓▓▓▓▓▓▓▓▓▓▓▓▓▓▓▓▓
..[...)..'_______________________
▓▓▓▓▓▓▓▓▓▓▓▓▓▓▓▓▓▓▓▓▓▓▓▓▓▓▓▓▓▓▓▓▓


You could see 3 death yaks, a catoblepas and 2 yaks.

Vanquished Creatures
  A hydra (D)
  A two-headed ogre (D)
  A death yak (D)
  An ugly thing (D)
  2 black mambas (D)
  3 cane toads (D)
  A rime drake (D)
  2 komodo dragons (D)
  An efreet (D)
  A troll (D)
  A blink frog (shapeshifter) (D)
  A blink frog (D)
  2 wraiths (D)
  A vampire (D)
  2 yaks (D)
  A basilisk (D)
  A vampire mosquito (D)
  4 water moccasins (D)
  A wolf (D)
  A kobold brigand (D)
  2 bullfrogs (D)
  2 hounds (D)
  An ufetubus (D)
  2 orcs (D)
  An endoplasm (D)
  A giant cockroach (D)
  A quokka (D)
  A goblin (D)
  A rat (D)
41 creatures vanquished.

Notes
Turn   | Place    | Note
-------+----------+-------------------------------------------
     0 | D        | fozzywoppz the Minotaur Fighter began the quest for the
                  | Orb.
     0 | D        | Reached XP level 1. HP: 19/19 MP: 0/0
    21 | D        | Noticed a hound
    21 | D        | Noticed a hound
    26 | D        | Killed a hound
    27 | D        | Reached skill level 5 in Fighting
    27 | D        | Reached skill level 5 in Armour
    27 | D        | Reached skill level 5 in Shields
    27 | D        | Reached XP level 2. HP: 24/29 MP: 1/1
    27 | D        | Reached XP level 3. HP: 30/36 MP: 2/2
    31 | D        | Reached skill level 5 in Axes
    31 | D        | Reached XP level 4. HP: 37/44 MP: 3/3
    40 | D        | Found a snail-covered altar of Cheibriados.
    40 | D        | Found a shadowy altar of Dithmenos.
    40 | D        | Found a white marble altar of Elyvilon.
    40 | D        | Found a blossoming altar of Fedhas.
    40 | D        | Found an opulent altar of Gozag.
    41 | D        | Found a hazy altar of Hepliaklqana.
    42 | D        | Found a viscous altar of Jiyva.
    43 | D        | Found an ancient bone altar of Kikubaaqudgha.
    44 | D        | Found a corrupted altar of Lugonu.
    45 | D        | Found a burning altar of Makhleb.
    46 | D        | Found a sparkling altar of Nemelex Xobeh.
    47 | D        | Found an iron altar of Okawaru.
    48 | D        | Found a stormy altar of Qazlal.
    49 | D        | Found a sacrificial altar of Ru.
    50 | D        | Found a shimmering blue altar of Sif Muna.
    53 | D        | Found a bloodstained altar of Trog.
    54 | D        | Found a hide-covered altar of Uskayaw.
    55 | D        | Found a radiant altar of Vehumet.
    56 | D        | Found an ornate altar of the Wu Jian Council.
    57 | D        | Became a worshipper of Warmaster Okawaru
    58 | D        | Found a shimmering altar of Xom.
    59 | D        | Found a basalt altar of Yredelemnul.
    60 | D        | Found a glowing silver altar of Zin.
    61 | D        | Found a glowing golden altar of the Shining One.
   116 | D        | Noticed a yak
   116 | D        | Noticed a two-headed ogre
   116 | D        | Noticed a yak
   116 | D        | Noticed a wraith
   116 | D        | Noticed a wraith
   116 | D        | Noticed a kobold brigand
   121 | D        | Killed a kobold brigand
   122 | D        | Reached XP level 5. HP: 37/51 MP: 3/5
   128 | D        | Killed a wraith
   128 | D        | Reached * piety under Okawaru
   129 | D        | Reached XP level 6. HP: 45/61 MP: 4/8
   136 | D        | Killed a wraith
   136 | D        | Killed a yak
   137 | D        | Reached skill level 5 in Invocations
   137 | D        | Reached XP level 7. HP: 49/70 MP: 5/10
   137 | D        | Killed a two-headed ogre
   137 | D        | Reached ** piety under Okawaru
   138 | D        | Reached skill level 10 in Fighting
   138 | D        | Reached skill level 10 in Axes
   138 | D        | Reached skill level 10 in Armour
   138 | D        | Reached skill level 10 in Shields
   138 | D        | Reached XP level 8. HP: 58/81 MP: 5/12
   223 | D        | Noticed a troll
   223 | D        | Noticed a purple ugly thing
   223 | D        | Noticed an efreet
   227 | D        | Killed an efreet
   234 | D        | Killed a purple ugly thing
   234 | D        | Reached *** piety under Okawaru
   240 | D        | Reached skill level 1 in Dodging
   240 | D        | Reached XP level 9. HP: 15/90 MP: 12/14
   251 | D        | Killed a troll
   470 | D        | Noticed a black mamba
   470 | D        | Noticed a komodo dragon
   471 | D        | Noticed a cane toad
   473 | D        | Reached **** piety under Okawaru
   482 | D        | Killed a komodo dragon
   493 | D        | Killed a black mamba
   500 | D        | HP: 4/92 [poisoned by a cane toad]
   501 | D        | HP: 1/92 [cane toad (9)]
   505 | D        | Killed a cane toad
   505 | D        | Reached ***** piety under Okawaru
   506 | D        | Reached skill level 5 in Dodging
   514 | D        | Reached XP level 10. HP: 25/101 MP: 16/16
   735 | D        | Noticed a four-headed hydra
   735 | D        | Noticed a black mamba
   735 | D        | Noticed a cane toad
   749 | D        | Killed a cane toad
   757 | D        | Killed a ten-headed hydra
   758 | D        | Reached skill level 10 in Invocations
   760 | D        | Noticed a cane toad
   766 | D        | Killed a black mamba
   766 | D        | Received a gift from Okawaru
   785 | D        | Killed a cane toad
   792 | D        | Noticed a death yak
   792 | D        | Noticed a death yak
   792 | D        | Noticed a catoblepas
   792 | D        | Noticed a death yak
   816 | D        | Noticed a death yak
   840 | D        | Killed a death yak
   846 | D        | HP: 1/103 [catoblepas (6)]
   847 | D        | Mangled by a catoblepas

Illustrated notes

Levels and vault maps discovered:
D:        linesprint [early_d, line_temple, items_1, d_10, items_2, lair_1,
          lair_end, items_3, orc_1, orc_end, items_4, d_15, swamp_1, shoals_1,
          snake_1, spider_1, d_20, vaults_1, items_5, swamp_end, shoals_end,
          snake_end, spider_end, vaults_end, d_27, items_6, zot_1, zot_end,
          crypt_end, forest_end, elf_end, slime_end, tomb_end, abyss_end,
          pan_hell_end]

Skill      XL: |  1  2  3  4  5  6  7  8  9 10 |
---------------+-------------------------------+-----
Fighting       | 5 6 8 9 10 11 13 14 | 14.2
Armour         | 5 6 8 9 10 11 12 14 | 14.1
Shields        | 5 6 8 9 10 11 13 14 | 14.2
Axes           | 4 5 6 7 8 10 11 12 13 | 13.9
Invocations    | 2 4 5 7 8 9 10 | 10.9
Dodging        | 1 5 7 |  7.7

Action                     |  1- 3 |  4- 6 |  7- 9 | 10-12 || total
---------------------------+-------+-------+-------+-------++-------
  Melee: War axe           |    18 |    17 |    66 |    57 ||   158
         Headbutt          |     6 |     3 |    13 |    15 ||    37
 Invoke: Heroism           |       |       |     1 |     1 ||     2
         Finesse           |       |       |       |     1 ||     1
  Evoke: Wand              |       |     3 |     1 |     4 ||     8
    Use: Potion            |       |     1 |     5 |       ||     6
   Stab: Petrified         |       |       |       |     7 ||     7
         Petrifying        |       |       |       |     1 ||     1
 Armour: Scale mail        |     7 |    10 |    16 |    19 ||    52
  Dodge: Dodged            |     8 |    10 |    12 |    11 ||    41
  Block: Buckler           |     3 |     3 |    13 |     7 ||    26

Table legend: (Time is in decaauts)
 A = Elapsed time spent in this place.
 B = Non-inter-level travel time spent in this place.
 C = Inter-level travel time spent in this place.
 D = Time resting spent in this place.
 E = Time spent auto-exploring this place.
 F = Levels seen in this place.
 G = Mean time per level.
                   A        B        C        D        E       F      G
               +--------+--------+--------+--------+--------+-----+--------+
         Total |    840 |    840 |      0 |    381 |      0 |   1 |  840.0 |
       Dungeon |    840 |    840 |      0 |    381 |      0 |   1 |  840.0 |
               +--------+--------+--------+--------+--------+-----+--------+

Top non-repeatable levels by time:
       D: 840 daAuts
